 Dungeon Crawl Stone Soup version 0.26-a0-639-g72c4674329 (webtiles) character file.

Game seed: 15194958896982871226

45259 Apogee the Grappler (level 14, -6/214 HPs)
             Began as a Troll Monk on Sept 16, 2020.
             Was a High Priest of Okawaru.
             Killed from afar by a ten-headed hydra (8 damage)
             ... with an exploding inner flame
             ... hexed by the player character
             ... on level 6 of the Lair of Beasts.
             The game lasted 00:51:53 (19824 turns).

Apogee the Grappler (Troll Monk)                   Turns: 19824, Time: 00:51:54

Health: -6/214     AC: 14    Str: 23    XL:     14   Next: 0%
Magic:  0/16       EV: 12    Int:  9    God:    Okawaru [*****.]
Gold:   841        SH:  9    Dex: 12    Spells: 11/17 levels left

rFire    + + .     SeeInvis .     - Unarmed
rCold    + . .     Faith    .   I - +0 kite shield
rNeg     . . .     Spirit   +   i - +2 robe {rF+}
rPois    +         Reflect  .   C - +2 hat of Isuig {MR++}
rElec    .         Harm     .   Q - scarf {rC+ rF+}
rCorr    .         Rampage  .   (gloves unavailable)
MR       +++..                  (boots unavailable)
Stlth    ..........             s - amulet of guardian spirit
HPRegen  0.85/turn              M - +4 ring of protection
MPRegen  0.15/turn              a - ring of poison resistance

@: berserking (expiring), lethally poisoned (-6 -> -7), very quick
A: large, unfitting armour, claws 3, regeneration 1, shaggy fur 1, tough skin 3
a: Heroism, Finesse, Renounce Religion


You were on level 6 of the Lair of Beasts.
You worshipped Okawaru.
Okawaru was extremely pleased with you.
You visited 3 branches of the dungeon, and saw 19 of its levels.

You collected 1161 gold pieces.
You spent 320 gold pieces at shops.

Inventory:

Missiles
 D - 3 atropa-tipped darts
 E - 69 poisoned darts
 H - 2 throwing nets (quivered) {!f}
 W - 21 large rocks
Armour
 i - a +2 robe of fire resistance (worn)
   (You took it off Dowan on level 4 of the Dungeon)
 C - the +2 hat of Isuig (worn) {MR++}
   (Okawaru gifted it to you on level 11 of the Dungeon)

   It affects your resistance to hostile enchantments.
 I - a +0 kite shield (worn)
   (You found it on level 4 of the Lair of Beasts)
 Q - a scarf of resistance (worn)
   (You bought it in a shop on level 8 of the Dungeon)
 R - a +1 robe of cold resistance
   (You took it off Pikel on level 9 of the Dungeon)
 U - a +1 cloak of preservation
   (You took it off Maurice on level 9 of the Dungeon)
Jewellery
 a - a ring of poison resistance (right claw)
   (You found it on level 11 of the Dungeon)
 e - an uncursed amulet of regeneration
   (You found it on level 5 of the Lair of Beasts)
 f - an uncursed ring of flight
   (You found it on level 1 of the Dungeon)
 m - an uncursed ring of fire
   (You found it on level 2 of the Dungeon)
 n - an uncursed ring of ice
   (You found it on level 2 of the Dungeon)
 s - an amulet of guardian spirit (around neck)
   (You found it on level 12 of the Dungeon)
 L - a +6 ring of intelligence
   (You found it on level 11 of the Dungeon)
 M - a +4 ring of protection (left claw)
   (You found it on level 3 of the Dungeon)
Wands
 c - a wand of disintegration (49)
   (You found it on level 6 of the Dungeon)
 d - a wand of iceblast (6)
   (You found it on level 1 of the Lair of Beasts)
 t - a wand of flame (26)
   (You found it on level 5 of the Lair of Beasts)
 u - a wand of paralysis (35)
   (You found it on level 6 of the Dungeon)
 v - a wand of digging (4)
   (You found it on level 3 of the Dungeon)
 Z - a wand of polymorph (8)
   (You found it on level 11 of the Dungeon)
Scrolls
 b - 2 scrolls of enchant weapon {unknown}
 h - 5 scrolls of teleportation {@r4}
 k - 7 scrolls of remove curse {@r2}
 o - 4 scrolls of fog
 p - 6 scrolls of enchant armour
 r - 2 scrolls of immolation {!r}
 y - 3 scrolls of magic mapping {unknown}
 A - 2 scrolls of brand weapon {unknown}
 B - 2 scrolls of noise {unknown}
 F - 4 scrolls of amnesia
 P - 2 scrolls of blinking {unknown}
 Y - a scroll of silence {unknown}
Potions
 g - 3 potions of haste {@q3}
 j - 2 potions of might
 l - 2 potions of magic
 q - 5 potions of curing {@q1}
 w - 7 potions of lignification {!q}
 x - 2 potions of resistance
 z - 4 potions of flight
 G - a potion of cancellation {unknown}
 J - 6 potions of heal wounds {@q2}
 K - a potion of stabbing
 N - a potion of experience {unknown}
 O - a potion of ambrosia {unknown}
 S - a potion of brilliance
 T - a potion of degeneration {unknown}
 X - a potion of mutation {unknown}


   Skills:
 - Level 10.0 Fighting
 - Level 10.0 Throwing
 + Level 7.1 Dodging
 - Level 1.0 Stealth
 * Level 4.6 Shields
 - Level 13.0 Unarmed Combat
 - Level 2.0 Spellcasting
 - Level 4.0 Hexes
 - Level 4.0 Transmutations
 - Level 4.0 Invocations
 - Level 2.0 Evocations


You had 11 spell levels left.
You knew the following spells:

 Your Spells              Type           Power        Failure   Level
a - Beastly Appendage     Tmut           #.....       16%         1
b - Confusing Touch       Hex            #.......     43%         3
c - Wereblood             Tmut           #.......     24%         2

Your spell library contained the following spells:

 Spells                   Type           Power        Failure   Level
 Corona                   Hex            #......      16%         1
 Tukima's Dance           Hex            #.......     43%         3
 Ensorcelled Hibernation  Hex/Ice        #.....       50%         2
 Animate Skeleton         Necr           #.....       63%         1
 Magic Dart               Conj           #...         63%         1
 Pain                     Necr           #...         63%         1
 Shock                    Conj/Air       #...         63%         1
 Dazzling Flash           Conj/Hex       #.....       73%         3
 Spider Form              Tmut/Pois      #.........   73%         3
 Searing Ray              Conj           #.....       77%         2
 Swiftness                Air            #.......     77%         2
 Cause Fear               Hex            #.........   85%         4
 Gell's Gravitas          Tloc           #.........   94%         3
 Static Discharge         Conj/Air       #.......     94%         3
 Vampiric Draining        Necr           #.........   94%         3
 Fulminant Prism          Conj/Hex       #.........   98%         4
 Ice Form                 Ice/Tmut       #.......     98%         4
 Petrify                  Tmut/Erth      #.......     98%         4
 Blade Hands              Tmut           #.........   99%         5
 Yara's Violent Unravell  Hex/Tmut       #.........   99%         5
 Airstrike                Air            #.........   100%        4
 Animate Dead             Necr           #.........   100%        4
 Iskenderun's Mystic Bla  Conj/Tloc      #.......     100%        4
 Agony                    Necr           #.......     100%        5
 Lightning Bolt           Conj/Air       #.........   100%        5
 Metabolic Englaciation   Hex/Ice        #.........   100%        5
 Silence                  Hex/Air        #.........   100%        5
 Discord                  Hex            #.........   100%        8


Dungeon Overview and Level Annotations

Branches:
Dungeon (12/15)            Temple (1/1) D:6            Lair (6/6) D:11
 Shoals (0/4) Lair:4       Spider (0/4) Lair:4          Orc (0/2) D:12
  Slime: Lair:5-6

Altars:
Dithmenos
Elyvilon
Fedhas
Okawaru
Qazlal
Uskayaw
Vehumet
Zin

Shops:
D:8 [

Annotations:
D:5 1 runed translucent door, Crazy Yiuf
D:9 Harold
D:11 3 runed translucent doors, Vim Ytza's ghost, journeyman MfIE
D:12 exclusion: obsidian statue
Lair:1 Sonja
Lair:4 3 runed translucent doors, HunterMK's ghost, journeyman DDFi; Thantalas's ghost, journeyman DECj


Innate Abilities, Weirdness & Mutations

You are too large for most types of armour.
You have claws for hands.
Your natural rate of healing is unusually fast.
You are covered in fur. (AC +1)
You have extremely tough skin. (AC +3)


Message History

Flame seeps out of the eight-headed hydra.
The fiery explosion engulfs you! You resist.
* * * LOW HITPOINT WARNING * * *
The fiery explosion engulfs the black mamba!!
Flame seeps out of the black mamba.
Okawaru accepts your kill.
You are engulfed in blazing flames.
You resist.
* * * LOW HITPOINT WARNING * * *
You feel sick.
You hear a bleat!
The black mamba is engulfed in blazing flames.
Flame seeps out of the black mamba.
The black mamba closely misses you.
The manticore is engulfed in blazing flames.
The manticore explodes!
The fiery explosion engulfs you. You resist.
* * * LOW HITPOINT WARNING * * *
The fiery explosion engulfs the black mamba!!
The black mamba explodes!
The fiery explosion engulfs you. You resist.
* * * LOW HITPOINT WARNING * * *
The fiery explosion engulfs the eight-headed hydra!!
Flame seeps out of the eight-headed hydra.
Okawaru accepts your kill. x2
Unknown command.
You feel sick.
The rime drake is engulfed in blazing flames.
The rime drake explodes!
Okawaru accepts your kill.
Training target 10.0 for Throwing reached!
Your Throwing skill increases to level 10!
You have reached level 14!
The eight-headed hydra is engulfed in blazing flames.
Flame seeps out of the eight-headed hydra.
You are too berserk!
An eight-headed hydra is nearby!
An eight-headed hydra is nearby!
You are too berserk!
Unknown command.
You are too berserk!
Unknown command.
You rip one of the eight-headed hydra's heads off!
The seven-headed hydra grows two more!
You claw the nine-headed hydra!
Flame seeps out of the nine-headed hydra.
Unknown command.
Unknown command.
You claw one of the nine-headed hydra's heads off!
The eight-headed hydra grows two more!
You eviscerate the ten-headed hydra!!!
The ten-headed hydra explodes!
The fiery explosion engulfs you! You resist.
You die...

##### #####.P.#####
###### #..P.....P..#
##....##
......DYY..####§§§§..##
....#####k....##§§§§..##
....#.HY......##§§°§...#
..#.#..Y#....P##@§§§.#..#
#...#.......########...#
...###$ ##... #..#
....P## ...# .# .†....#
.... # .....## ...##
..†.## P..## ####


There were no monsters in sight!

Vanquished Creatures
  Gastronok (D:9)
  Snorg (D:12)
  Harold (D:9)
  Erica (Lair:1)
  4 two-headed ogres
  A death yak (Lair:6)
  2 unseen horrors
  A lindwurm (Lair:6)
  Pikel (D:9)
  A cyclops (D:11)
  An ugly thing (D:11)
  Maurice (D:9)
  A manticore (Lair:6)
  7 elephants
  8 black mambas
  3 merfolk sirens (Lair:4)
  9 cane toads
  A centaur skeleton (D:8)
  2 kobold demonologists (D:12)
  A rime drake (Lair:6)
  4 komodo dragons
  A merfolk (Lair:4)
  2 trolls
  3 polar bears
  A hornet (D:8)
  4 blink frogs
  6 hippogriffs
  A meliai zombie (D:11)
  A slime creature (D:11)
  6 dream sheep (Lair:4)
  Sigmund (D:4)
  32 yaks
  5 wyverns
  The ghost of melvinkitnick the Covert, an amateur SpEn of Gozag (D:4)
  4 humans
  4 basilisks
  A steam dragon (Lair:6)
  Edmund (D:4)
  2 wargs (D:11)
  An acid dragon (Lair:6)
  Duvessa (D:4)
  7 water moccasins
  2 hornet zombies
  11 porcupines
  3 sky beasts
  2 necrophages
  A swamp drake (Lair:6)
  2 black bears
  2 ice beasts
  6 orc warriors
  3 eyes of draining
  4 phantoms
  18 wolves
  4 boggarts (Lair:5)
  11 centaurs
  6 ogres
  9 crocodiles
  3 lemures (D:9)
  3 big kobolds (D:12)
  A gnoll sergeant (D:10)
  Blork the orc (D:4)
  4 bullfrogs
  4 scorpions
  Dowan (D:4)
  7 killer bees
  15 wights
  6 howler monkeys
  9 electric eels
  A quasit (D:12)
  A bullfrog zombie (D:9)
  4 hounds
  3 centaur zombies
  2 jellies
  4 orc priests
  5 bullfrog skeletons
  14 orc wizards
  8 iguanas
  2 hell rats (Lair:4)
  5 worker ants
  A hound zombie (D:5)
  A hound skeleton (D:8)
  A worker ant zombie (D:11)
  8 gnolls
  A howler monkey skeleton (D:9)
  12 adders
  8 river rats (Lair:4)
  A shadow imp (D:10)
  5 white imps
  2 ufetubi
  3 oozes
  2 adder skeletons
  2 worms
  A dart slug (D:3)
  6 leopard geckos
  36 orcs
  A ball python (D:6)
  7 bats
  8 giant cockroaches
  9 goblins
  11 hobgoblins
  8 jackals
  3 quokkas
  6 frilled lizards
  A jackal zombie (D:6)
  19 kobolds
  A quokka skeleton (D:4)
  A quokka zombie (D:6)
  6 rats
495 creatures vanquished.

Vanquished Creatures (others)
  A centaur (D:11)
  A worker ant (D:11)
  35 fungi
  54 plants
91 creatures vanquished.

Grand Total: 586 creatures vanquished

Notes
Turn   | Place    | Note
-------+----------+-------------------------------------------
     0 | D:1      | Apogee the Troll Monk began the quest for the Orb.
     0 | D:1      | Reached XP level 1. HP: 22/22 MP: 0/0
   112 | D:1      | Reached XP level 2. HP: 23/29 MP: 1/1
   334 | D:1      | Reached XP level 3. HP: 36/36 MP: 2/2
   394 | D:1      | Reached skill level 4 in Unarmed Combat
   712 | D:2      | Found a faded altar of an unknown god.
   775 | D:2      | Reached XP level 4. HP: 30/45 MP: 3/3
  1498 | D:3      | Reached skill level 5 in Unarmed Combat
  1498 | D:3      | Reached XP level 5. HP: 45/53 MP: 4/4
  2054 | D:4      | Noticed Duvessa
  2054 | D:4      | Noticed Dowan
  2056 | D:4      | Killed Dowan
  2056 | D:4      | Reached XP level 6. HP: 62/62 MP: 5/5
  2066 | D:4      | HP: 1/93 [Duvessa/+1 antimagic short sword (9)]
  2073 | D:4      | Killed Duvessa
  2073 | D:4      | Reached skill level 6 in Unarmed Combat
  2245 | D:4      | Noticed Sigmund
  2272 | D:4      | Killed Sigmund
  2272 | D:4      | Reached skill level 7 in Unarmed Combat
  2272 | D:4      | Reached XP level 7. HP: 54/71 MP: 6/6
  2667 | D:4      | Noticed Blork the orc
  2670 | D:4      | Killed Blork the orc
  2747 | D:4      | Noticed Edmund
  2767 | D:4      | Killed Edmund
  2767 | D:4      | Reached skill level 8 in Unarmed Combat
  2931 | D:4      | Found a runed translucent gate.
  2931 | D:4      | Found a runed translucent gate.
  2931 | D:4      | Found a runed translucent gate.
  2935 | D:4      | Noticed melvinkitnick's ghost (amateur SpEn)
  3133 | D:5      | Entered Level 5 of the Dungeon
  3185 | D:5      | Reached skill level 5 in Fighting
  3190 | D:5      | Reached XP level 8. HP: 80/80 MP: 7/7
  3352 | D:5      | Learned a level 1 spell: Beastly Appendage
  3356 | D:5      | Learned a level 3 spell: Confusing Touch
  3747 | D:5      | Found a runed translucent door.
  3748 | D:5      | Noticed Crazy Yiuf
  3958 | D:6      | Found a staircase to the Ecumenical Temple.
  3972 | Temple   | Entered the Ecumenical Temple
  3979 | Temple   | Became a worshipper of Warmaster Okawaru
  3979 | Temple   | Reached * piety under Okawaru
  3979 | Temple   | Reached ** piety under Okawaru
  4153 | D:6      | Noticed a troll
  4292 | D:5      | Reached skill level 1 in Spellcasting
  4292 | D:5      | Reached skill level 1 in Hexes
  4292 | D:5      | Reached skill level 1 in Transmutations
  4301 | D:5      | Reached skill level 9 in Unarmed Combat
  4519 | D:5      | Reached XP level 9. HP: 89/89 MP: 9/9
  4582 | D:6      | Reached *** piety under Okawaru
  4607 | D:6      | Found a stormy altar of Qazlal.
  4862 | D:6      | Found a radiant altar of Vehumet.
  5240 | D:7      | Reached skill level 10 in Unarmed Combat
  5712 | D:7      | Reached **** piety under Okawaru
  5745 | D:7      | Found a shadowy altar of Dithmenos.
  6435 | D:8      | Reached skill level 11 in Unarmed Combat
  6488 | D:8      | Reached XP level 10. HP: 66/100 MP: 12/12
  7044 | D:8      | Found Soschoep's Armour Emporium.
  7054 | D:8      | Bought a scarf of resistance for 320 gold pieces
  7238 | D:9      | Noticed Harold
  7302 | D:9      | Noticed Gastronok
  7390 | D:9      | Noticed Pikel
  7397 | D:9      | Killed Pikel
  7633 | D:9      | Noticed a two-headed ogre
  7676 | D:10     | Entered Level 10 of the Dungeon
  7832 | D:10     | Learned a level 2 spell: Wereblood
  7994 | D:9      | Killed Harold
  8020 | D:9      | Noticed Maurice
  8037 | D:9      | Killed a two-headed ogre
  8037 | D:9      | Reached ***** piety under Okawaru
  8037 | D:9      | Received a gift from Okawaru
  8037 | D:9      | Reached skill level 12 in Unarmed Combat
  8038 | D:9      | Got a dazzling glaive {god gift}
  9088 | D:11     | Reached skill level 1 in Invocations
  9108 | D:11     | Reached XP level 11. HP: 18/110 MP: 10/13
  9119 | D:11     | HP: 5/110 [centaur (3)]
  9367 | D:11     | Noticed a brown ugly thing
  9373 | D:11     | Killed a brown ugly thing
  9402 | D:11     | Got a pitted spear
  9442 | D:11     | Found a staircase to the Lair.
 10116 | D:11     | Killed an unseen horror
 10116 | D:11     | Received a gift from Okawaru
 10119 | D:11     | Got a transparent hat {god gift}
 10125 | D:11     | Identified the +2 hat of Isuig {MR++} (Okawaru gifted it to
                  | you on level 11 of the Dungeon)
 10294 | D:11     | Found a runed translucent gate.
 10294 | D:11     | Found a runed translucent gate.
 10296 | D:11     | Found a runed translucent gate.
 10297 | D:11     | Noticed Vim Ytza's ghost (journeyman MfIE)
 10297 | D:11     | Noticed a ten-headed hydra
 10352 | Lair:1   | Entered Level 1 of the Lair of Beasts
 10843 | Lair:1   | Noticed Sonja
 10894 | Lair:1   | Noticed Erica
 10904 | Lair:1   | Killed Erica
 11566 | Lair:2   | Reached skill level 13 in Unarmed Combat
 11566 | Lair:2   | Reached skill level 1 in Evocations
 12475 | D:4      | Killed melvinkitnick's ghost
 12880 | D:9      | Killed Gastronok
 12912 | D:9      | Identified the +9 glaive of the Crushing Owl {flame, rN+
                  | Int+2} (Okawaru gifted it to you on level 9 of the Dungeon)
 12926 | D:9      | Killed Maurice
 12926 | D:9      | Reached XP level 12. HP: 103/123 MP: 14/14
 13939 | D:11     | Noticed a two-headed ogre
 13946 | D:11     | Killed a two-headed ogre
 13946 | D:11     | Reached skill level 5 in Throwing
 14125 | D:12     | Found a staircase to the Orcish Mines.
 14193 | D:12     | Noticed a two-headed ogre
 14200 | D:12     | Killed a two-headed ogre
 14354 | D:12     | Received a gift from Okawaru
 14355 | D:12     | Got an ichor-stained hat {god gift}
 14366 | D:12     | Identified the +2 hat of Objectivity {Dex+4} (Okawaru
                  | gifted it to you on level 12 of the Dungeon)
 14699 | D:12     | Noticed a two-headed ogre
 14706 | D:12     | Killed a two-headed ogre
 14733 | D:12     | Noticed Snorg
 14741 | D:12     | Killed Snorg
 14857 | D:12     | Reached skill level 10 in Fighting
 15813 | Lair:3   | Reached skill level 5 in Dodging
 15991 | Lair:3   | Reached XP level 13. HP: 104/133 MP: 15/15
 17149 | Lair:4   | Received a gift from Okawaru
 17150 | Lair:4   | Got a faintly glowing hat {god gift}
 17156 | Lair:4   | Identified the +1 hat of the Good {+Blink MR+ Dex-4}
                  | (Okawaru gifted it to you on level 4 of the Lair of Beasts)
 17539 | Lair:4   | Found a staircase to the Shoals.
 17555 | Lair:4   | Reached skill level 1 in Shields
 17816 | Lair:4   | Found a hole to the Spider Nest.
 17953 | Lair:4   | Found a runed translucent gate.
 17953 | Lair:4   | Found a runed translucent gate.
 17953 | Lair:4   | Found a runed translucent gate.
 17954 | Lair:4   | Noticed Thantalas's ghost (journeyman DECj)
 17955 | Lair:4   | Noticed HunterMK's ghost (journeyman DDFi)
 19287 | Lair:6   | Entered Level 6 of the Lair of Beasts
 19821 | Lair:6   | HP: 9/199 [death yak/exploding inner flame[the player
                  | character] (10)]
 19821 | Lair:6   | HP: 4/199 [manticore/exploding inner flame[the player
                  | character] (4)]
 19822 | Lair:6   | HP: 1/199 [poisoned by a black mamba]
 19822 | Lair:6   | Reached skill level 10 in Throwing
 19822 | Lair:6   | Reached XP level 14. HP: 1/143 MP: 0/16
 19824 | Lair:6   | Killed from afar by a ten-headed hydra

Illustrated notes

Levels and vault maps discovered:
D:1:      eino_arrival_cavern_d, layout_rooms, grunt_decor_arrowhead,
          roderic_lattice_a
D:2:      layout_loops_ring, chequers_ecumenical_altar_simple
D:3:      layout_basic
D:4:      layout_basic, ebering_ghost_rock_garden, uniq_duvessa, uniq_sigmund,
          uniq_edmund, uniq_blork_the_orc
D:5:      layout_basic, kennysheep_generic_room_4, uniq_crazy_yiuf_cottage
D:6:      minmay_opposing_rooms, layout_rooms, kennysheep_mini,
          minmay_temple_entry_large_hall, basic_altar, st_stairs_7,
          kennysheep_nondescript, minmay_ruffians
D:7:      layout_gridville, basic_altar, minmay_misc_feat_square,
          serial_bayou_lagoon_b
D:8:      layout_basic, serial_shops, nicolae_shop_competitors_out_of_business
D:9:      layout_basic, uniq_maurice, uniq_pikel, uniq_harold, uniq_gastronok
D:10:     layout_cave_pods
D:11:     layout_roguey, erik_lair_orcish_takeover, gammafunk_ghost_hydra_chop
D:12:     layout_basic, david_orc_2, minmay_statue_bubble, uniq_snorg
Temple:   compressed_dpeg_circular_temple
Lair:1:   layout_misc_corridors, serial_bayou_shore_b, uniq_sonja, uniq_erica
Lair:2:   layout_layer_cave, serial_bayou_lake_a
Lair:3:   layout_gridlike
Lair:4:   layout_loops_ring, elwin_shoals_entry_stream,
          spider_nest_entry_web_field, gammafunk_ghost_cemetery,
          kennysheep_rathole, grunt_megastairs_4, serial_bayou_shore_b
Lair:5:   layout_cave_pods, kilobyte_rumbling_trees
Lair:6:   hangedman_lair_in_review, layout_concentric_octagons,
          guppyfry_lair_end_dragon, minmay_slime_entry_pillars,
          infiniplex_staircase_pool_2

Skill      XL: |  1  2  3  4  5  6  7  8  9 10 11 12 13 |
---------------+----------------------------------------+-----
Unarmed Combat | 4 5 7 8 9 11 12 13 | 13.0
Fighting       | 3 4 5 6 8 9 10 | 10.0
Spellcasting   | 1 2 |  2.0
Hexes          | 1 2 3 4 |  4.0
Transmutations | 1 2 4 |  4.0
Invocations    | 1 4 |  4.0
Evocations     | 2 |  2.0
Dodging        | 3 5 7 |  7.1
Throwing       | 3 7 10 | 10.0
Shields        | 4 |  4.6
Stealth        | |  1.0

Action                   |  1- 3 |  4- 6 |  7- 9 | 10-12 | 13-15 || total
-------------------------+-------+-------+-------+-------+-------++-------
Melee: Unarmed           |    99 |   126 |   330 |   662 |   421 ||  1638
       Punch             |     3 |     2 |    15 |    45 |     8 ||    73
       Kick              |       |       |       |     1 |       ||     1
Throw: Stone             |       |     2 |     7 |     1 |       ||    10
       Throwing net      |       |       |     1 |     1 |     1 ||     3
       Dart              |       |       |       |    21 |     3 ||    24
 Cast: Beastly Appendage |       |       |       |     2 |       ||     2
       Wereblood         |       |       |       |     3 |     2 ||     5
Invok: Heroism           |       |       |     1 |     7 |     4 ||    12
       Finesse           |       |       |       |     2 |     3 ||     5
Evoke: Wand              |       |       |       |    10 |     1 ||    11
  Use: Potion            |       |     6 |       |     3 |     1 ||    10
       Scroll            |       |       |       |    17 |     4 ||    21
 Stab: Sleeping          |     3 |     4 |     4 |     6 |       ||    17
       Distracted        |       |       |     1 |     1 |       ||     2
       Invisible         |       |       |       |     4 |       ||     4
       Held in net/web   |       |       |       |     2 |     1 ||     3
Armor: Robe              |    46 |    40 |   104 |   212 |   136 ||   538
       Skin              |       |     5 |       |       |       ||     5
Dodge: Dodged            |    58 |    56 |   131 |   288 |   198 ||   731
Block: Kite shield       |       |       |       |       |   112 ||   112

Table legend: (Time is in decaauts)
 A = Elapsed time spent in this place.
 B = Non-inter-level travel time spent in this place.
 C = Inter-level travel time spent in this place.
 D = Time resting spent in this place.
 E = Time spent auto-exploring this place.
 F = Levels seen in this place.
 G = Mean time per level.
                   A        B        C        D        E       F      G
               +--------+--------+--------+--------+--------+-----+--------+
         Total |  19534 |  17806 |   1728 |   2847 |  10816 |  19 | 1028.1 |
       Dungeon |  13237 |  11738 |   1499 |   1593 |   7055 |  12 | 1103.1 |
        Temple |     14 |     14 |      0 |      0 |      0 |   1 |   14.0 |
          Lair |   6282 |   6053 |    229 |   1254 |   3761 |   6 | 1047.0 |
               +--------+--------+--------+--------+--------+-----+--------+

Top non-repeatable levels by time:
    D:11: 1972 daAuts
     D:4: 1393 daAuts
  Lair:3: 1360 daAuts
  Lair:5: 1269 daAuts
     D:9: 1244 daAuts
    D:10: 1215 daAuts
  Lair:2: 1208 daAuts
     D:5: 1204 daAuts
     D:7: 1199 daAuts
     D:6: 1035 daAuts
  Lair:1: 1027 daAuts
     D:8: 947 daAuts
  Lair:4: 899 daAuts
    D:12: 876 daAuts
     D:3: 839 daAuts
